 Dungeon Sprint DCSS version 0.21.2 (webtiles) character file.

3400000 Fang the Axe Maniac (level 21, -4/224 HPs)
             Began as a Demonspawn Gladiator on Oct 2, 2018.
             Was the Champion of Makhleb.
             Slain by a destroyer
             ... wielding a +9 great sword of slicing
              (24 damage)
             ... in the Dungeon (Sprint VIII: "Arena of Blood").
             The game lasted 00:00:57 (34 turns).

Fang the Axe Maniac (Demonspawn Gladiator)            Turns: 34, Time: 00:00:58

Health: -4/224     AC: 12    Str: 22    XL:     21   Next: 72%
Magic:  21/47      EV: 32    Int: 11    God:    Makhleb [******]
Gold:   0          SH:  0    Dex: 16    Spells: 64/64 levels left

rFire    . . .     SeeInvis .   l - +∞ Axe of Woe
rCold    . . .     Gourm    .   (shield currently unavailable)
rNeg     . . .     Faith    .   b - +0 leather armour
rPois    .         Spirit   .   (helmet unavailable)
rElec    .         Reflect  .   (no cloak)
rCorr    .         Harm     .   (no gloves)
MR       +....     NoTele   +   (no boots)
Stlth    ++++++++..             (no amulet)
HPRegen  10.47/turn             (no ring)
MPRegen  0.30/turn              (no ring)

@: no status effects
A: horns 3, iridescent scales 3, foul stench 2, powered by death 3, robust 1,
rot immunity
a: Minor Destruction, Lesser Servant of Makhleb, Major Destruction, Greater
Servant of Makhleb, Renounce Religion


You were in the Dungeon.
You worshipped Makhleb.
Makhleb was exalted by your worship.
You were not hungry.

You visited 1 branch

Inventory:

Hand Weapons
 l - the +∞ Axe of Woe (weapon)
   (You found it in the Dungeon)
Missiles
 d - 3 throwing nets (quivered)
Armour
 b - a +0 leather armour (worn)
 c - a +0 helmet
Scrolls
 k - a scroll of blinking
Potions
 e - a potion of curing
 g - a potion of heal wounds
 h - a potion of haste
 i - 2 potions of magic
 j - a potion of berserk rage
Comestibles
 f - a ration


   Skills:
 O Level 27 Fighting
 O Level 27 Axes
 O Level 27 Throwing
 O Level 27 Armour
 O Level 27 Dodging
 + Level 24.0 Stealth
 + Level 22.4 Unarmed Combat
 + Level 22.4 Spellcasting
 O Level 27 Invocations


You had 64 spell levels left.
You didn't know any spells.

Dungeon Overview and Level Annotations

Branches:
Dungeon (1/1)

Altars:
Makhleb


Innate Abilities, Weirdness & Mutations

You have a pair of large horns on your head.
You are completely covered in iridescent scales. (AC +6)
You frequently emit foul miasma when damaged in melee.
You regenerate a lot of health from kills.
You are robust. (+10% HP)
You are immune to rotting.


Message History

You destroy the crawling corpse!
You are engulfed in blazing flames.
You hear a shout! x3
The meat berserker is engulfed in blazing flames.
You hear a shout!
The destroyer appears out of thin air!
A destroyer comes into view.
It is wielding a +9 great sword of slicing.
You hear a shout! x5
The sculptor of flesh is engulfed in blazing flames.
You hear a shout!
The meat berserker is engulfed in blazing flames.
You hear a shout! x3
Two crawling corpses merge to form a small abomination.
A crawling corpse merges with a small abomination to form a large abomination.
You hear a shout!
The meat berserker is engulfed in blazing flames.
The destroyer is engulfed in blazing flames.
The destroyer hits you with a +9 great sword of slicing!!!!
* * * LOW HITPOINT WARNING * * *
You die...

..... .. #... .#
#... #... ..#
....###... ..###.
.........###......
.#.......%_......
.V.....#.)X..#
.......#x.<._# .
......)#@O§§x#....
#....)V§z§§§.....
........§###§.....
....###§x§. ..###.
... #.......# .
#.....o.#
....%%D..
..........
..........


You could see a destroyer, a sculptor of flesh, a large abomination, a meat
berserker (berserk), a small abomination and 2 crawling corpses.

Vanquished Creatures
  A vampire knight (D)
  8 ogres (D)
  2 two-headed ogres (D)
  13 orcs (D)
  2 small abominations (D)
  2 crawling corpses (D)
28 creatures vanquished.

Notes
Turn   | Place    | Note
-------+----------+-------------------------------------------
     0 | D        | Found the +∞ Axe of Woe
     0 | D        | Fang the Demonspawn Gladiator began the quest for the Orb.
     0 | D        | Reached XP level 1. HP: 16/16 MP: 1/1
     4 | D        | Became a worshipper of Makhleb the Destroyer
     5 | D        | Noticed a meat berserker
     7 | D        | Noticed a bag of meat
     7 | D        | Noticed a meat berserker
     8 | D        | Noticed a bag of meat
     8 | D        | Killed a meat berserker
     8 | D        | Reached skill level 10 in Throwing
     8 | D        | Gained mutation: You are immune to rotting. [demonic ancestry]
     8 | D        | Reached XP level 2. HP: 39/39 MP: 2/2
     8 | D        | Reached XP level 3. HP: 45/45 MP: 3/3
     8 | D        | Gained mutation: You regenerate a little health from kills. [demonic ancestry]
     8 | D        | Reached XP level 4. HP: 52/52 MP: 4/4
     8 | D        | Reached XP level 5. HP: 58/58 MP: 5/5
     8 | D        | Reached XP level 6. HP: 65/65 MP: 6/6
     8 | D        | Gained mutation: You regenerate health from kills. [demonic ancestry]
     8 | D        | Reached XP level 7. HP: 71/71 MP: 7/7
     8 | D        | Gained mutation: You have a pair of small horns on your head. [demonic ancestry]
     8 | D        | Reached XP level 8. HP: 77/77 MP: 8/8
     8 | D        | Reached XP level 9. HP: 83/83 MP: 9/9
     8 | D        | Gained mutation: You regenerate a lot of health from kills. [demonic ancestry]
     8 | D        | Reached XP level 10. HP: 90/90 MP: 10/10
     8 | D        | Gained mutation: You may emit foul miasma when damaged in melee. [demonic ancestry]
     8 | D        | Reached XP level 11. HP: 96/96 MP: 11/11
     8 | D        | Gained mutation: You are partially covered in iridescent scales. (AC +2) [demonic ancestry]
     8 | D        | Reached XP level 12. HP: 103/103 MP: 12/12
     8 | D        | Reached XP level 13. HP: 109/109 MP: 13/13
     8 | D        | Killed a meat berserker
     8 | D        | Reached * piety under Makhleb
     8 | D        | Reached XP level 14. HP: 120/120 MP: 14/14
     9 | D        | Noticed a bag of meat
     9 | D        | Noticed a meat berserker
    10 | D        | Noticed a bag of meat
    10 | D        | Killed a meat berserker
    10 | D        | Reached skill level 15 in Fighting
    10 | D        | Gained mutation: You are mostly covered in iridescent scales. (AC +4) [demonic ancestry]
    10 | D        | Reached XP level 15. HP: 130/130 MP: 15/15
    12 | D        | Reached ** piety under Makhleb
    13 | D        | Gained mutation: You have a pair of horns on your head. [demonic ancestry]
    13 | D        | Reached XP level 16. HP: 143/143 MP: 16/16
    14 | D        | Noticed a meat berserker
    15 | D        | Noticed a meat berserker
    15 | D        | Reached skill level 27 in Axes
    15 | D        | Reached skill level 15 in Throwing
    15 | D        | Reached skill level 1 in Armour
    15 | D        | Reached *** piety under Makhleb
    15 | D        | Reached skill level 27 in Dodging
    16 | D        | Noticed a meat berserker
    16 | D        | Noticed a meat berserker
    17 | D        | Gained mutation: You are completely covered in iridescent scales. (AC +6) [demonic ancestry]
    17 | D        | Reached XP level 17. HP: 162/162 MP: 17/17
    18 | D        | Noticed a meat berserker
    19 | D        | Killed a meat berserker
    19 | D        | Reached **** piety under Makhleb
    19 | D        | Reached skill level 27 in Fighting
    19 | D        | Reached skill level 5 in Armour
    20 | D        | Noticed a large bag of meat
    20 | D        | Killed a meat berserker
    20 | D        | Gained mutation: You frequently emit foul miasma when damaged in melee. [demonic ancestry]
    20 | D        | Reached XP level 18. HP: 182/182 MP: 18/18
    21 | D        | Killed a meat berserker
    21 | D        | Reached skill level 27 in Throwing
    21 | D        | Gained mutation: You have a pair of large horns on your head. [demonic ancestry]
    21 | D        | Reached XP level 19. HP: 189/189 MP: 19/19
    21 | D        | Killed a meat berserker
    21 | D        | Reached ***** piety under Makhleb
    23 | D        | Killed a meat berserker
    23 | D        | Reached skill level 27 in Armour
    23 | D        | Reached XP level 20. HP: 197/197 MP: 19/35
    26 | D        | Reached skill level 15 in Stealth
    26 | D        | Reached skill level 15 in Unarmed Combat
    26 | D        | Reached skill level 15 in Spellcasting
    28 | D        | Noticed a large bag of meat
    28 | D        | Noticed a destroyer
    28 | D        | Killed a large bag of meat
    28 | D        | Gained mutation: You are robust. (+10% HP) [demonic ancestry]
    28 | D        | Reached XP level 21. HP: 197/224 MP: 19/43
    31 | D        | Killed a large bag of meat
    31 | D        | Reached ****** piety under Makhleb
    32 | D        | Killed a destroyer
    32 | D        | Reached skill level 27 in Invocations
    33 | D        | Noticed a destroyer
    34 | D        | Noticed a destroyer
    34 | D        | Slain by a destroyer

Skill      XL: |  1  2  3  4  5  6  7  8  9 10 11 12 13 14 15 16 17 18 19 20 21 |
---------------+----------------------------------------------------------------+-----
Fighting       | 12 14 15 17 22 27 | 27.0
Axes           | 19 22 24 26 27 | 27.0
Throwing       | 10 11 12 14 18 26 27 | 27.0
Dodging        | 18 21 23 25 27 | 27.0
Armour         | 3 9 21 27 | 27.0
Stealth        | 11 19 24 | 24.0
Unarmed Combat | 11 18 22 | 22.4
Spellcasting   | 11 18 22 | 22.4
Invocations    | 14 24 27 | 27.0

Action                   |  1- 3 |  4- 6 |  7- 9 | 10-12 | 13-15 | 16-18 | 19-21 || total
-------------------------+-------+-------+-------+-------+-------+-------+-------++-------
Melee: Executioner's axe |     1 |       |       |       |     3 |     6 |     8 ||    18
Dodge: Dodged            |       |       |       |       |     2 |     1 |     3 ||     6
